 Dungeon Crawl Stone Soup version 0.25-a0-166-g16436c4407 (webtiles) character file.

Game seed: 12739131289239280298, levelgen mode: deterministic

191 goomiho the Bolt Thrower (level 6, 0/37 HPs)
             Began as a Kobold Hunter on Nov 23, 2019.
             Succumbed to a scorpion's poison
             ... on level 3 of the Dungeon.
             The game lasted 00:03:09 (2708 turns).

goomiho the Bolt Thrower (Kobold Hunter)            Turns: 2708, Time: 00:03:10

Health: 0/37       AC:  6    Str: 11    XL:     6   Next: 2%
Magic:  6/6        EV: 12    Int: 12    God:
Gold:   131        SH:  0    Dex: 16    Spells: 5/5 levels left

rFire    . . .     SeeInvis .   a - +1 hand crossbow
rCold    . . .     Gourm    .   (shield restricted)
rNeg     . . .     Faith    .   g - +0 scale mail
rPois    .         Spirit   .   (no helmet)
rElec    .         Reflect  .   (no cloak)
rCorr    .         Harm     .   (no gloves)
MR       .....                  (no boots)
Stlth    +.........             (no amulet)
HPRegen  0.12/turn              (no ring)
MPRegen  0.10/turn              (no ring)

@: lethally poisoned (0 -> -32), flying
A: small, carnivore
a: no special abilities


You were on level 3 of the Dungeon.
You were completely stuffed.

You visited 1 branch of the dungeon, and saw 3 of its levels.

You collected 131 gold pieces.

Inventory:

Hand Weapons
 a - a +1 hand crossbow (weapon)
 b - a +0 short sword
 o - a +2 dagger of venom
Missiles
 d - 44 bolts (quivered)
 j - 10 poisoned darts
 k - 4 datura-tipped darts
Armour
 c - a +0 leather armour
 g - a +0 scale mail (worn)
Jewellery
 n - an uncursed amulet of rage {unknown}
Scrolls
 e - a scroll of enchant weapon {unknown}
 i - 2 scrolls of teleportation
 m - 3 scrolls of identify {unknown}
 q - a scroll of immolation {unknown}
Comestibles
 f - 2 rations
 p - 8 chunks of flesh


   Skills:
 + Level 3.0 Fighting
 + Level 3.6 Short Blades
 + Level 5.9 Crossbows
 + Level 1.7 Armour
 + Level 3.0 Dodging
 - Level 1.3 Stealth


You had 5 spell levels left.
You didn't know any spells.
Your spell library was empty.

Dungeon Overview and Level Annotations

Branches:
Dungeon (3/15)

Altars:


Innate Abilities, Weirdness & Mutations

You are small and have problems with some larger weapons.
You are carnivorous and can eat meat at any time.


Message History

Firing (i - inventory. (/) - cycle)
d - 45 bolts (quivered)
Press: ? - help, Shift-Dir - straight line, f/p - scorpion
Aim: a scorpion (moderately wounded)
You shoot a bolt. The bolt hits the scorpion!
The scorpion is severely wounded.
* * * LOW HITPOINT WARNING * * *
You feel very sick. The scorpion closely misses you.
Firing (i - inventory. (/) - cycle)
d - 44 bolts (quivered)
Press: ? - help, Shift-Dir - straight line, f/p - scorpion
Aim: a scorpion (severely wounded)
Okay, then.
It was a potion of magic.
Magic courses through your body.
* * * LOW HITPOINT WARNING * * *
You feel very sick. The scorpion barely misses you.
It was a potion of flight.
You feel very buoyant.
You fly up into the air.
You die...

## .. ###. #...
#.#.### # ##.
.....# .#
.....#.#.###.#
(.....s@.....#
######.....########
##...........#
##.########.# #.#
#.# #.# #.# #+#
##<## #..)## #....#


You could see a scorpion.

Vanquished Creatures
  An ice beast (D:2)
  4 gnolls (D:3)
  2 adders
  2 worms (D:2)
  A dart slug (D:1)
  2 leopard geckos
  3 giant cockroaches
  5 goblins
  2 hobgoblins
  5 kobolds
  A quokka (D:2)
  2 bats
  5 frilled lizards
  3 rats
38 creatures vanquished.

Notes
Turn   | Place    | Note
-------+----------+-------------------------------------------
     0 | D:1      | goomiho the Kobold Hunter began the quest for the Orb.
     0 | D:1      | Reached XP level 1. HP: 12/12 MP: 1/1
   121 | D:1      | Reached skill level 5 in Crossbows
   240 | D:1      | Reached XP level 2. HP: 17/17 MP: 2/2
  1113 | D:2      | Reached XP level 3. HP: 15/22 MP: 3/3
  1470 | D:2      | Reached skill level 1 in Short Blades
  1731 | D:2      | Noticed an ice beast
  1745 | D:2      | Killed an ice beast
  1745 | D:2      | Reached skill level 1 in Armour
  1745 | D:2      | Reached XP level 4. HP: 14/27 MP: 4/4
  1745 | D:2      | Reached XP level 5. HP: 17/32 MP: 5/5
  2642 | D:3      | Reached XP level 6. HP: 37/37 MP: 6/6
  2708 | D:3      | Succumbed to a scorpion's poison

Levels and vault maps discovered:
D:1:      scummos_arrival_simple_fountains, layout_loops_corners,
          chequers_serial_rivers_micro_a
D:2:      wander_river, layout_rooms, nrook_mini_vaults
D:3:      layout_loops_corners

Skill      XL: |  1  2  3  4  5 |
---------------+----------------+-----
Crossbows      | 5 |  5.9
Short Blades   | 3 |  3.6
Armour         | 1 |  1.7
Dodging        | 3 |  3.0
Fighting       | 3 |  3.0
Stealth        | |  1.3

Action                   |  1- 3 |  4- 6 || total
-------------------------+-------+-------++-------
Melee: Short sword       |    84 |    45 ||   129
       Dagger            |       |     6 ||     6
 Fire: Hand crossbow     |    18 |    15 ||    33
  Use: Scroll            |     4 |     1 ||     5
       Potion            |       |     2 ||     2
  Eat: Chunk             |     9 |     5 ||    14
Armor: Scale mail        |    29 |    12 ||    41
       Leather armour    |     1 |       ||     1
Dodge: Dodged            |    52 |    30 ||    82

Table legend:
 A = Non-vault XP
 B = Vault XP
 C = Vault XP percentage of total XP
 D = Non-vault monster count
 E = Vault monster count
 F = Vault count percentage of total count
                 A         B        C        D         E       F
            +---------+---------+-------+---------+---------+-------
      Total |     274 |       0 |   0.0 |      38 |       0 |   0.0
            +---------+---------+-------+---------+---------+-------
        D:1 |      22 |       0 |   0.0 |      13 |       0 |   0.0
        D:2 |     168 |       0 |   0.0 |      11 |       0 |   0.0
        D:3 |      84 |       0 |   0.0 |      14 |       0 |   0.0
            +---------+---------+-------+---------+---------+-------
